Map: Prion Terraces

Players

AccRo

  • Race: Terran Terran

lesha - Winner!

  • Race: Terran Terran
  • League: Silver

VOD

Have the link to the VOD?

Description

Time

  • Played on: Dec. 24, 2015, 11:42 a.m.
  • Length: 12:07
Show
View Real Time Build Order
Export as new Build Order

AccRo Terran 

Build Orders: MMM Bio 

Get SALT Encoding   

  12  0:04  SCV  
  13  0:16  SCV  
  13  0:21  Supply Depot  
  14  0:38  SCV  
  15  0:45  Barracks  
  15  0:50  SCV  
  16  1:02  SCV  
  17  1:05  Refinery  
  17  1:34  Supply Depot  
  17  1:35  Orbital Command  
  17  1:46  Barracks Tech Lab  
  17  2:00  SCV, Engineering Bay  
  18  2:12  SCV  
  19  2:16  Marine  
  19  2:21  Stimpack  
  20  2:25  SCV  
  21  2:30  Barracks  
  21  2:34  Marine  
  22  2:41  SCV  
  22  2:42  Refinery  
  23  2:52  Marine  
  23  2:58  Terran Infantry Weapons Level 1  
  24  3:10  Marine  
  25  3:22  Barracks Reactor  
  25  3:26  Command Center  
  25  3:27  Marine  
  26  3:45  Marine  
  27  4:04  Marauder  
  29  4:20  Marine x2  
  31  4:33  Supply Depot  
  31  4:35  Supply Depot  
  31  4:38  Marine x2, Marauder  
  34  4:42  Supply Depot  
  35  4:46  Orbital Command  
  35  4:52  Terran Infantry Armor Level 1  
  35  4:55  Supply Depot, Concussive Shells  
  35  4:56  Marine x2  
  35  4:58  Supply Depot  
  35  4:59  Marauder  
  39  5:05  Supply Depot  
  39  5:12  SCV  
  39  5:13  Marine  
  39  5:14  Marine  
  41  5:21  Marauder  
  44  5:24  SCV  
  45  5:31  Marine  
  46  5:36  SCV  
  46  5:42  Marauder  
  49  5:48  SCV  
  50  5:56  Factory  
  50  5:58  Combat Shields  
  50  6:00  SCV, Marine  
  50  6:01  Marine  
  50  6:03  Marauder  
  55  6:13  Refinery  
  55  6:16  Refinery  
  55  6:18  Marine  
  55  6:19  Marine  
  55  6:25  Marauder  
  59  6:36  Marine x2  
  61  6:42  Barracks  
  61  6:46  Marauder  
  63  6:54  Marine x2  
  58  7:07  Marauder  
  51  7:12  Marine x2  
  53  7:16  SCV x2  
  55  7:28  SCV x2  
  55  7:29  Marine, Marauder  
  60  7:40  SCV x2, Factory Tech Lab  
  62  7:44  Marine  
  62  7:50  Marauder  
  65  7:52  SCV x2  
  67  8:06  Marine  
  67  8:07  Marine  
  67  8:12  Marauder  
  52  8:24  Marine x2  
  44  8:33  Marauder  
  44  8:42  Marine  
  42  8:54  Marauder  
  44  8:56  Marine  
  44  9:00  Marine  
  40  9:14  Marine  
  40  9:16  Marauder  
  40  9:18  Marine  
  40  9:22  Siege Tank  
  39  9:26  Barracks Reactor  
  39  9:32  Marine  
  39  9:36  SCV, Marine  
  39  9:37  Marauder  
  39  9:54  Siege Tank  
  39  9:59  Marauder  
  42  10:20  SCV, Marauder  
  45  10:24  Armory  
  45  10:26  SCV, Siege Tank  
  49  10:32  SCV  
  50  10:36  Marine  
  50  10:37  Marine  
  50  10:38  SCV  
  50  10:41  Marauder  
  55  10:44  SCV  
  56  10:50  SCV  
  56  10:54  Marine x2  
  56  10:56  SCV  
  60  11:02  SCV  
  60  11:03  Marauder  
  63  11:08  SCV  
  64  11:14  SCV  
  64  11:16  Siege Tank  
  68  11:24  Marauder  
  41  11:45  Marauder  
Show
View Real Time Build Order
Export as new Build Order

lesha Terran - Winner!

Build Orders: Reaper Expand, MMM Bio 

Get SALT Encoding   

  12  0:01  SCV  
  13  0:13  SCV  
  14  0:18  Supply Depot  
  14  0:25  SCV  
  15  0:39  SCV  
  15  0:40  Barracks  
  16  0:47  Refinery  
  16  0:51  SCV  
  17  1:03  SCV  
  18  1:15  SCV  
  19  1:28  Orbital Command  
  19  1:31  Reaper  
  20  1:41  Command Center  
  20  1:55  Supply Depot  
  20  1:57  SCV  
  21  2:10  Barracks Reactor, Refinery  
  21  2:14  SCV  
  22  2:17  Barracks  
  22  2:29  Factory  
  22  2:31  SCV  
  23  2:43  SCV  
  24  2:48  Marine x2  
  26  3:10  SCV  
  27  3:14  Orbital Command  
  27  3:19  Marine x2  
  29  3:20  Barracks Tech Lab  
  29  3:23  Hellion, Bunker  
  29  3:26  Starport  
  31  3:36  SCV, Barracks  
  31  3:39  Marine  
  33  3:48  SCV  
  33  3:54  SCV  
  35  4:00  SCV  
  35  4:01  Marine x2  
  37  4:05  Starport Reactor  
  37  4:06  SCV, Stimpack  
  38  4:11  Factory Reactor  
  38  4:12  Barracks  
  38  4:15  Marine  
  39  4:19  SCV  
  39  4:20  SCV  
  41  4:28  Supply Depot  
  41  4:31  SCV  
  41  4:32  SCV, Refinery  
  41  4:34  Refinery  
  41  4:36  Marine x2  
  41  4:38  Barracks Reactor  
  45  4:39  Marine  
  46  4:48  Bunker  
  46  4:49  SCV x2  
  48  4:56  Marine x2  
  48  4:57  Medivac  
  52  5:02  Engineering Bay x2, Medivac  
  54  5:15  SCV x2  
  54  5:17  Supply Depot  
  54  5:20  Marine x3  
  59  5:23  Barracks Reactor  
  59  5:27  SCV x2  
  61  5:45  SCV x2  
  61  5:47  Missile Turret  
  61  5:48  Missile Turret  
  63  5:51  Missile Turret  
  63  5:56  Marine x3  
  66  5:57  SCV x2, Marine  
  69  6:12  Marine  
  70  7:04  SCV, Marine  
  70  7:05  SCV, Marine  
  70  7:06  Marine x3  
  70  7:07  Marine x2  
  70  7:08  Medivac  
  70  7:19  Combat Shields  
  70  7:26  Supply Depot  
  70  7:27  Supply Depot  
  70  7:29  Supply Depot  
  70  7:30  Terran Infantry Weapons Level 1, SCV, Medivac, Terran Infantry Armor Level 1, Marine x5  
  78  7:41  Barracks  
  78  7:42  Barracks  
  78  7:44  Command Center  
  78  7:45  Barracks  
  78  7:47  Medivac, Marine x2  
  78  7:48  SCV x2, Marine  
  78  7:50  Supply Depot  
  83  8:00  SCV x2  
  85  8:09  Marine x6  
  85  8:10  Marine  
  85  8:12  SCV  
  80  8:27  Marine x3  
  64  8:28  Marine x4  
  62  8:50  Marine  
  62  8:51  Marine x3  
  62  8:52  Marine x3  
  63  9:08  Marine  
  63  9:09  Marine x2  
  58  9:22  SCV x2  
  59  9:25  Marine x4  
  59  9:26  Marine  
  59  9:27  Marine x2  
  59  9:28  Medivac x2  
  70  9:34  SCV x2  
  70  9:36  Armory  
  72  9:42  Marine  
  72  9:43  Marine x3  
  75  9:46  SCV  
  75  9:49  Command Center  
  75  9:55  Marine x3  
  75  9:58  Medivac  
  80  10:00  Marine x2  
  80  10:01  Marine  
  80  10:06  Marine  
  84  10:11  Barracks Reactor x2  
  84  10:12  Barracks Reactor  
  84  10:13  Marine x2  
  86  10:18  SCV  
  86  10:19  SCV  
  88  10:31  SCV x2  
  88  10:33  Marine x6  
  96  10:47  Marine  
  96  10:48  Marine x6  
  96  10:49  Medivac  
  105  10:50  Marine, Medivac  
  105  10:51  Marine x2  
  110  10:59  Supply Depot  
  110  11:00  Marine x3  
  110  11:02  Supply Depot  
  112  11:05  Supply Depot, Marine x3  
  112  11:06  Marine x4  
  112  11:07  Supply Depot  
  112  11:08  Marine  
  120  11:19  Medivac  
  120  11:20  Medivac  
  124  11:31  Marine x5  
  124  11:32  Marine x7  
  128  11:43  Marine  
  129  11:49  Marine x6  
Tags
 
Composition
MMM BioMMM Bio
League
Silver
Matchup
TvT
Race
Terran
Add a new tag
Caveats
  • Supply blocks, unpowered buildings, or Contaminate may cause inaccurate times.
  • Supply counts are checked every 10 seconds.